 Dungeon Crawl Stone Soup version 0.30.1-11-g7821555f0a (webtiles) character file.

Game seed: 13902510320225403723

486 anacleto the Stinger (level 7, -1/36 HPs)
             Began as a Tengu Venom Mage on Dec 14, 2023.
             Splashed by a jelly's acid (10 damage)
             ... on level 4 of the Dungeon.
             The game lasted 00:27:29 (5707 turns).

anacleto the Stinger (Tengu Venom Mage)             Turns: 5707, Time: 00:27:29

Health: -1/36      AC: -8    Str:  8    XL:     7   Next: 13%
Magic:  12/12      EV: 20    Int: 18    God:
Gold:   117        SH:  0    Dex: 14    Spells: 3/12 levels left

rFire   . . .        a - +2 short sword (drain)
rCold   . . .        (no shield)
rNeg    . . .        q - +0 robe
rPois   .            (helmet restricted)
rElec   .            B - +0 cloak
rCorr   .            n - +0 pair of gloves
SInv    .            (boots unavailable)
Will    +....        (no amulet)
Stlth   ++           h - ring of willpower
HPRegen 0.26/turn    s - +5 ring of evasion
MPRegen 0.13/turn

%: no passive effects
@: corroded, flying quickly and evasively, quick
A: beak, talons 3, nimble flight
a: no special abilities


You were on level 4 of the Dungeon.
You visited 1 branch of the dungeon, and saw 4 of its levels.

You collected 117 gold pieces.

Inventory:

Hand Weapons
 a - a +2 short sword of draining (weapon)
Missiles
 y - 9 poisoned darts
 C - 7 stones
Armour
 n - a +0 pair of gloves (worn)
 q - a +0 robe (worn)
 B - a +0 cloak (worn)
Jewellery
 h - a ring of willpower (left hand)
 m - a ring of resist corrosion
 s - a +5 ring of evasion (right hand)
 v - a +4 ring of protection
Wands
 z - a wand of flame (49)
Scrolls
 c - 2 scrolls of immolation
 f - a scroll of acquirement {unknown}
 i - 2 scrolls of blinking {unknown}
 j - 2 scrolls of fog
 k - a scroll of enchant weapon {unknown}
 l - 2 scrolls of teleportation {unknown}
 t - 2 scrolls of identify {unknown}
 w - a scroll of magic mapping {unknown}
 x - a scroll of enchant armour {unknown}
Potions
 b - a potion of magic
 d - 4 potions of curing
 e - 4 potions of mutation {unknown}
 g - a potion of flight {unknown}
 o - a potion of degeneration {unknown}
 p - 2 potions of brilliance {unknown}
 r - 2 potions of heal wounds {unknown}
 u - a potion of might {unknown}
 A - a potion of cancellation {unknown}


   Skills:
 + Level 3.7 Dodging
 + Level 3.6 Stealth
 + Level 3.2 Spellcasting
 + Level 2.3 Transmutations
 + Level 2.3 Fire Magic
 + Level 2.4 Air Magic
 + Level 4.1 Poison Magic


You had 3 spell levels left.
You knew the following spells:

 Your Spells              Type           Power      Damage    Failure   Level
a - Sting                 Tmut/Pois      56%        1d5       4%          1
b - Poisonous Vapours     Pois/Air       28%        N/A       6%          2
c - Ignite Poison         Fire/Tmut/Pois 13%        N/A       14%         3
d - Mephitic Cloud        Conj/Pois/Air  10%        N/A       19%         3

Your spell library contained the following spells:

 Spells                   Type           Power      Damage    Failure   Level
 Cigotuvi's Dreadful Rot  Necr/Pois/Air  20%        N/A       10%         2
 Freeze                   Ice            8%         1d3       16%         1
 Lesser Beckoning         Tloc           4%         N/A       24%         2
 Frozen Ramparts          Ice            4%         1d1       43%         3
 Gell's Gravitas          Tloc           2%         N/A       43%         3
 Hailstorm                Conj/Ice       2%         3d3       43%         3
 Teleport Other           Tloc           2%         N/A       43%         3
 Olgreb's Toxic Radiance  Pois           17%        N/A       28%         4
 Freezing Cloud           Conj/Ice/Air   2%         6-21      97%         5


Dungeon Overview and Level Annotations

Branches:
Dungeon (4/15)
 Temple: D:4-7

Altars:
Trog

Shops:
D:1 [[[[


Innate Abilities, Weirdness & Mutations

You have a beak for a mouth.
You have claws for feet.
Your magical nature lets you fly swiftly and evasively.


Message History

Press: ? - help, Shift-Dir - straight line, f/p - phantom
Aim: a phantom (moderately damaged, 56% to hit)
The puff of flame hits the phantom.
The phantom is severely damaged.
Aiming: Throw Flame
Press: ? - help, Shift-Dir - straight line, f/p - phantom
Aim: a phantom (severely damaged, 56% to hit)
The puff of flame misses the phantom.
Aiming: Throw Flame
Press: ? - help, Shift-Dir - straight line, f/p - phantom
Aim: a phantom (heavily damaged, 56% to hit)
The puff of flame misses the phantom.
Aiming: Throw Flame
Press: ? - help, Shift-Dir - straight line, f/p - phantom
Aim: a phantom (heavily damaged, 56% to hit)
The puff of flame hits the phantom.
The phantom is severely damaged.
The phantom barely misses you.
You barely miss the phantom. You claw the phantom.
You peck the phantom, but do no damage.
The phantom is almost destroyed.
The phantom barely misses you.
You hit the phantom.
The phantom is almost destroyed.
The phantom misses you.
You hit the phantom.
You destroy the phantom!
You have reached level 7!
The jelly hits you.
You are splashed with acid!
You hit the jelly. The acid corrodes you!
Your hands burn!
You peck the jelly, but do no damage.
The jelly is moderately wounded.
The jelly hits you. The acid corrodes you!
You are splashed with acid!
You hit the jelly but do no damage. The acid corrodes you!
Your hands burn!
You claw the jelly, but do no damage.
The jelly is moderately wounded.
The jelly hits you.
* * * LOW HITPOINT WARNING * * *
You are splashed with acid!
You die...

...............
...............
...............
..h............
#########†########
#...#......).....#
#...'...........# #####
##...#...........#......
#....#....@J.....'.....#
##...########....#.....#
##<..###...##....# ....#
#...........[....# ...#
##...............# ..#
#...............# .#
################# #


You could see a jelly.

Vanquished Creatures
  A phantom (D:4)
  A scorpion (D:3)
  A hound (D:3)
  A gnoll bouda (D:3)
  Jessica (D:2)
  Natasha (thrice) (D:3)
  Terence (D:3)
  Robin (D:2)
  3 gnolls (D:3)
  An adder (D:3)
  3 worms
  3 dart slugs
  5 orcs (D:3)
  5 bats
  13 endoplasms
  3 giant cockroaches
  19 goblins
  11 hobgoblins
  A jackal (D:4)
  5 quokkas
  6 ball pythons
  2 frilled lizards (D:1)
  8 kobolds
  6 rats
104 creatures vanquished.

Notes
Turn   | Place    | Note
-------+----------+-------------------------------------------
     0 | D:1      | anacleto the Tengu Venom Mage began the quest for the Orb.
     0 | D:1      | Reached XP level 1. HP: 10/10 MP: 4/4
   276 | D:1      | Reached skill level 1 in Transmutations
   276 | D:1      | Reached XP level 2. HP: 14/15 MP: 4/6
   279 | D:1      | Learned a level 2 spell: Poisonous Vapours
   384 | D:1      | Found Qocim's Armour Boutique.
   478 | D:1      | Found Fapue's Antique Armour Emporium.
   565 | D:1      | Found Muntaps's Antique Armour Shoppe.
   803 | D:1      | Found Tezxel's Antique Armour Shop.
   926 | D:1      | Reached XP level 3. HP: 19/19 MP: 5/7
  1333 | D:2      | Noticed Robin
  2165 | D:2      | Killed Robin
  2231 | D:1      | Learned a level 3 spell: Ignite Poison
  2295 | D:2      | Reached XP level 4. HP: 24/24 MP: 5/8
  3237 | D:2      | Noticed Jessica
  3242 | D:2      | Killed Jessica
  3564 | D:3      | Reached skill level 1 in Fire Magic
  3574 | D:3      | Gained mutation: Your magical nature lets you fly swiftly
                  | and evasively. [Tengu growth]
  3574 | D:3      | Reached XP level 5. HP: 25/28 MP: 9/9
  3626 | D:3      | Noticed Natasha
  3638 | D:3      | Killed Natasha
  3639 | D:3      | Reached skill level 1 in Air Magic
  3688 | D:3      | Noticed Terence
  3706 | D:3      | Killed Terence
  3774 | D:3      | Noticed Natasha
  3782 | D:3      | Killed Natasha
  3990 | D:3      | Noticed Natasha
  3998 | D:3      | Killed Natasha
  3999 | D:3      | Reached XP level 6. HP: 32/32 MP: 4/11
  4160 | D:3      | Learned a level 3 spell: Mephitic Cloud
  5159 | D:3      | Found a bloodstained altar of Trog.
  5468 | D:3      | Reached skill level 4 in Poison Magic
  5698 | D:4      | Reached XP level 7. HP: 36/36 MP: 12/12
  5707 | D:4      | Splashed by a jelly's acid

Illustrated notes

Levels and vault maps discovered:
D:1:      minmay_arrival_stone_box, layout_loops_corners, serial_shops,
          nicolae_shop_just_a_little_nook, nicolae_square_shop, shop,
          nicolae_shop_tiny_statue_garden, hangedman_abyss_or_decor_lesser_grid
D:2:      layout_basic, uniq_jessica, uniq_robin
D:3:      corexii_shack_village, layout_basic, mainiacjoe_overflow_alcove_2,
          minivault_25, nicolae_grassy_gnolls, uniq_terence, uniq_natasha
D:4:      layout_gridville

Skill      XL: |  1  2  3  4  5  6 |
---------------+-------------------+-----
Transmutations | 1 2 |  2.3
Fire Magic     | 1 2 |  2.3
Dodging        | 3 |  3.7
Stealth        | 3 |  3.6
Air Magic      | 1 2 |  2.4
Spellcasting   | 3 |  3.2
Poison Magic   | 4 |  4.1

Action                     |  1- 3 |  4- 6 |  7- 9 || total
---------------------------+-------+-------+-------++-------
  Melee: Unarmed           |     1 |       |       ||     1
         Short sword       |       |    57 |     2 ||    59
         Kick              |       |    14 |     1 ||    15
         Peck              |       |     8 |     1 ||     9
         Punch             |       |     1 |       ||     1
   Cast: Sting             |    41 |    47 |       ||    88
         Poisonous Vapours |    30 |    67 |       ||    97
  Evoke: Wand              |       |     6 |       ||     6
    Use: Scroll            |       |     2 |       ||     2
 Armour: Robe              |     7 |     5 |       ||    12
  Dodge: Dodged            |    26 |    75 |       ||   101
